 Dungeon Crawl Stone Soup version 0.26-a0-466-g989023bd0d (webtiles) character file.

Game seed: 3690882200647657169

93 pk666 the Magician (level 4, 0/24 HPs)
             Began as a Deep Elf Hedge Wizard on Aug 11, 2020.
             Killed from afar by Blork the orc (4 damage)
             ... with a puff of flame
             ... on level 5 of the Dungeon.
             The game lasted 00:04:17 (2661 turns).

pk666 the Magician (Deep Elf Hedge Wizard)          Turns: 2661, Time: 00:04:17

Health: 0/24       AC:  2    Str:  7    XL:     4   Next: 37%
Magic:  13/13      EV: 13    Int: 20    God:
Gold:   181        SH:  0    Dex: 14    Spells: 2/13 levels left

rFire    . . .     SeeInvis .   a - +0 dagger
rCold    . . .     Faith    .   (no shield)
rNeg     . . .     Spirit   .   b - +0 robe
rPois    .         Reflect  .   c - +0 hat
rElec    .         Harm     .   (no cloak)
rCorr    .                      (no gloves)
MR       .....                  (no boots)
Stlth    ++........             (no amulet)
HPRegen  0.08/turn              (no ring)
MPRegen  0.13/turn              (no ring)

@: no status effects
A: no striking features
a: no special abilities


You were on level 5 of the Dungeon.
You visited 1 branch of the dungeon, and saw 4 of its levels.

You collected 181 gold pieces.

Inventory:

Hand Weapons
 a - a +0 dagger (weapon)
Armour
 b - a +0 robe (worn)
 c - a +0 hat (worn)
Jewellery
 l - a cursed ring of attention {unknown}
 t - a +4 ring of slaying {unknown}
Wands
 q - a wand of polymorph (4)
 s - a wand of enslavement (9)
Scrolls
 d - a scroll of noise {unknown}
 e - 4 scrolls of identify {unknown}
 g - 2 scrolls of fear {unknown}
 h - 2 scrolls of magic mapping {unknown}
 i - a scroll of teleportation {unknown}
 m - a scroll of remove curse {unknown}
 n - a scroll of random uselessness {unknown}
 o - a scroll of blinking {unknown}
Potions
 f - a potion of brilliance {unknown}
 j - a potion of invisibility {unknown}
 k - a potion of cancellation {unknown}
 p - a potion of stabbing {unknown}
 r - a potion of curing {unknown}


   Skills:
 - Level 2.4 Dodging
 - Level 2.4 Stealth
 + Level 5.3 Spellcasting
 + Level 2.5 Conjurations
 + Level 1.6 Summonings
 + Level 1.8 Translocations
 + Level 0.6 Fire Magic
 + Level 1.0 Air Magic
 + Level 1.0 Poison Magic


You had 2 spell levels left.
You knew the following spells:

 Your Spells              Type           Power        Failure   Level
a - Magic Dart            Conj           ###.         4%          1
b - Blink                 Tloc           N/A          8%          2
c - Conjure Flame         Conj/Fire      ##......     17%         3
d - Mephitic Cloud        Conj/Pois/Air  ##......     19%         3
e - Call Imp              Summ           ##......     9%          2

Your spell library contained the following spells:

 Spells                   Type           Power        Failure   Level
 Slow                     Hex            #.......     17%         2


Dungeon Overview and Level Annotations

Branches:
Dungeon (3/15)

Altars:
Zin

Annotations:
D:5 Blork the orc


Message History

Blork the orc flickers and vanishes!
Deactivating autopickup; reactivate with Ctrl-A.
Found a smoky grey potion, a rapier and a scroll labeled SOPIYD QIU.
A puff of frost appears from out of thin air!
The puff of frost hits you.
A centaur comes into view. It is wielding a +0 hand axe.
The centaur shouts!
The centaur unwields a +0 hand axe.
The centaur wields a +0 shortbow.
The centaur shoots an arrow.
The arrow hits you!
* * * LOW HITPOINT WARNING * * *
You see here an arrow.
The centaur shoots an arrow.
The arrow barely misses you.
You see here an arrow.
The centaur shoots an arrow.
The arrow barely misses you.
Found 12 gold pieces and a ring mail.
You see here an arrow.
You hear some strange, mumbled words.
A puff of flame appears from out of thin air!
The puff of flame hits you.
You die...

##.#. ....#.####
....... #........#
.....[.
#.c......##.......
......?... .......
.........# .......
........# .......
##...(##.)...$. #
#...({(@...#
#.#...o..!...#
#............#
###.##.#.#.#####
###......#o#l#
#............###
.#......o.....#
####.#.#.###..
#..#.#.# ..


You could see an iguana and 2 orcs.

Vanquished Creatures
  Jessica (D:3)
  2 adders
  An ooze (D:1)
  A worm (D:2)
  A dart slug (D:1)
  A leopard gecko (D:2)
  A giant cockroach (D:3)
  4 goblins (D:1)
  2 hobgoblins
  4 jackals (D:1)
  4 kobolds
  A quokka (D:2)
  A ball python (D:3)
  7 bats
  3 frilled lizards
  8 rats
42 creatures vanquished.

Notes
Turn   | Place    | Note
-------+----------+-------------------------------------------
     0 | D:1      | pk666 the Deep Elf Hedge Wizard began the quest for the
                  | Orb.
     0 | D:1      | Reached XP level 1. HP: 10/10 MP: 7/7
   326 | D:1      | Reached XP level 2. HP: 15/15 MP: 3/9
   370 | D:1      | Learned a level 2 spell: Blink
   567 | D:1      | Reached skill level 5 in Spellcasting
   816 | D:1      | Reached XP level 3. HP: 17/19 MP: 2/11
   887 | D:1      | Learned a level 3 spell: Conjure Flame
   891 | D:1      | Learned a level 3 spell: Mephitic Cloud
   894 | D:1      | Learned a level 2 spell: Call Imp
  2323 | D:3      | Noticed Jessica
  2324 | D:3      | Found a glowing silver altar of Zin.
  2332 | D:3      | Killed Jessica
  2332 | D:3      | Reached XP level 4. HP: 24/24 MP: 5/13
  2521 | D:3      | Reached skill level 1 in Air Magic
  2521 | D:3      | Reached skill level 1 in Poison Magic
  2593 | D:3      | You fall into a shaft and drop 2 floors!
  2593 | D:5      | Entered Level 5 of the Dungeon
  2638 | D:5      | Noticed Blork the orc
  2658 | D:5      | Noticed a centaur
  2661 | D:5      | Killed from afar by Blork the orc

Illustrated notes

Levels and vault maps discovered:
D:1:      lemuel_arrival_behind_the_door_large, layout_basic
D:2:      layout_basic, ebering_dispersal_statue_hall
D:3:      layout_basic, zin_statuary, gup_sewer_entry_pipe, uniq_grinder,
          uniq_jessica, uniq_natasha
D:5:      layout_rooms, enter_ossuary_5, uniq_blork_the_orc, uniq_sigmund

Skill      XL: |  1  2  3  4 |
---------------+-------------+-----
Conjurations   | 2 |  2.5
Spellcasting   | 5 |  5.3
Air Magic      | 1 |  1.0
Poison Magic   | 1 |  1.0
Dodging        | |  2.4
Stealth        | |  2.4
Summonings     | |  1.6
Translocations | |  1.8
Fire Magic     | |  0.6

Action                   |  1- 3 |  4- 6 || total
-------------------------+-------+-------++-------
Melee: Dagger            |     3 |       ||     3
 Cast: Magic Dart        |    89 |    10 ||    99
Armor: Robe              |     3 |     1 ||     4
Dodge: Dodged            |    15 |     3 ||    18

Table legend: (Time is in decaauts)
 A = Elapsed time spent in this place.
 B = Non-inter-level travel time spent in this place.
 C = Inter-level travel time spent in this place.
 D = Time resting spent in this place.
 E = Time spent auto-exploring this place.
 F = Levels seen in this place.
 G = Mean time per level.
                   A        B        C        D        E       F      G
               +--------+--------+--------+--------+--------+-----+--------+
         Total |   2660 |   2613 |     47 |    417 |   1889 |   4 |  665.0 |
       Dungeon |   2660 |   2613 |     47 |    417 |   1889 |   4 |  665.0 |
               +--------+--------+--------+--------+--------+-----+--------+

Top non-repeatable levels by time:
     D:1: 1195 daAuts
     D:2: 1078 daAuts
     D:3: 318 daAuts
     D:5: 67 daAuts
